[Event "Titled Tuesday Blitz June 6 Late 2023"]
[White "Nihal Sarin"]
[Black "Kevlishvili, Robby"]
[WhiteFideId "25092340"]
[BlackFideId "1040634"]
[WhiteElo "2689"]
[BlackElo "2572"]
[Result "1-0"]
[Round "4"]
[TimeControl "180+2"]
[Date "2023.06.07"]
[WhiteClock "0:00:10"]
[BlackClock "0:00:15"]
[Board "1"]

1. d4 d5 2. Nf3 Nf6 3. Bf4 c5 4. e3 Nc6 5. Nbd2 cxd4 6. exd4 a6 7. h3 Bf5 8. c3 e6 9. Nh4 Bg6 10. Nxg6 hxg6 11. Bd3 Bd6 12. Bxd6 Qxd6 13. Nf3 O-O 14. O-O b5 15. a3 Rab8 16. Qe2 Nd7 17. Rae1 Rfc8 18. h4 Na5 19. g3 Nc4 20. Kg2 a5 21. Rh1 Nf6 22. Ng5 Nh5 23. Qc2 Rc7 24. Bxg6 fxg6 25. Qxg6 Nf6 26. Rxe6 Qf8 27. Rxf6 Qxf6 28. Qh7+ Kf8 29. Qh8+ Ke7 30. Re1+ Kd7 31. Qxb8 Nd6 32. Re6 Qf5 33. Re7+ Kxe7 34. Qxc7+ Qd7 35. Qxa5 Nc4 36. Qb4+ Kf6 37. Qf8+ Kg6 38. Nf3 Qe6 39. h5+ Kxh5 40. Qxg7 Qf5 41. Ne5 Qe4+ 42. Kh2 Nxe5 43. Qxe5+ Kg4 44. Qxe4+ dxe4 45. Kg2 1-0


[Site "https://www.chess.com"]

[Event "Titled Tuesday Blitz June 6 Late 2023"]
[White "Kollars, Dmitrij"]
[Black "Ibarra Jerez, Jose Carlos"]
[WhiteFideId "12909572"]
[BlackFideId "2226332"]
[WhiteElo "2584"]
[BlackElo "2631"]
[Result "1/2-1/2"]
[Round "4"]
[TimeControl "180+2"]
[Date "2023.06.07"]
[WhiteClock "0:00:18"]
[BlackClock "0:00:19"]
[Board "2"]

1. e4 Nc6 2. Nf3 d6 3. d4 Nf6 4. Nc3 g6 5. d5 Nb8 6. Be2 Bg7 7. O-O O-O 8. Re1 e5 9. dxe6 Bxe6 10. Nd4 Bd7 11. Bg5 h6 12. Bf4 Re8 13. Bf3 Nc6 14. Nxc6 Bxc6 15. Qd2 g5 16. Be3 Nxe4 17. Nxe4 Bxe4 18. Bxe4 Rxe4 19. Qd5 Rb4 20. Rab1 c6 21. Qd3 d5 22. b3 Re4 23. c4 Re5 24. Rbd1 Qe7 25. cxd5 Rxd5 26. Qf1 Rxd1 27. Rxd1 Rd8 28. Bxa7 Ra8 29. Be3 Rxa2 30. h3 Bf6 31. Qc4 Ra1 32. Rxa1 Bxa1 33. g4 Qe6 34. Qd3 Be5 35. Kf1 Qd5 36. Qxd5 cxd5 37. Ke2 f6 38. Kd3 Kf7 39. Bc5 Kg6 40. f3 h5 41. Be7 hxg4 42. hxg4 Kf7 43. Bd8 Ke6 44. Ba5 Kd7 45. Bb4 Kc6 46. Be7 Kb5 47. Kc2 Kc6 48. Kd3 Kd7 49. Bb4 Ke6 50. Bc5 f5 51. Be3 fxg4 52. fxg4 Bf6 53. Bd2 Be7 54. Bc1 Ke5 55. Be3 Bd8 56. Bd2 Ke6 57. Kd4 Bb6+ 58. Kd3 Bd8 59. Kd4 b6 60. Kd3 Bf6 61. Be3 b5 62. Bd2 Kd7 63. Be3 Ke6 64. Bd2 Kd7 65. Bc1 Ke6 66. Bd2 1/2-1/2


[Site "https://www.chess.com"]

[Event "Titled Tuesday Blitz June 6 Late 2023"]
[White "Zakhartsov, Vladimir"]
[Black "Martinez Alcantara, Jose Eduardo"]
[WhiteFideId "4145097"]
[BlackFideId "3805662"]
[WhiteElo "2508"]
[BlackElo "2711"]
[Result "1/2-1/2"]
[Round "4"]
[TimeControl "180+2"]
[Date "2023.06.07"]
[WhiteClock "0:00:09"]
[BlackClock "0:00:07"]
[Board "3"]

1. d4 Nf6 2. c4 e6 3. Nf3 Bb4+ 4. Bd2 c5 5. Bxb4 cxb4 6. e3 b6 7. Be2 a5 8. O-O Bb7 9. a3 Na6 10. Ne1 O-O 11. Nd3 Qe7 12. Qb3 d5 13. axb4 dxc4 14. Qxc4 Nxb4 15. Nxb4 axb4 16. Nd2 Rac8 17. Qd3 e5 18. Ra7 Rfd8 19. Nb3 Rc7 20. Qb5 Bd5 21. Rxc7 Qxc7 22. dxe5 Qxe5 23. Nd4 Qd6 24. Rc1 g6 25. h3 Ra8 26. Bf3 Ra5 27. Qe2 Rc5 28. Ra1 Ra5 29. Rc1 Rc5 30. Rd1 Qc7 31. Bxd5 Nxd5 32. Qf3 Rc1 33. Nb3 Rxd1+ 34. Qxd1 Qc4 35. Nd4 Nf6 36. Qc2 Qc5 37. f3 Qe5 38. Kf2 h5 39. Qc4 Nd5 40. Qd3 h4 41. Ne2 Qe6 42. Qd4 g5 43. e4 Nf4 44. Nxf4 gxf4 45. Qxb4 Qc6 46. Qd2 Qc5+ 47. Kf1 Qe5 48. Qf2 Qf6 49. Kg1 Kg7 50. Kh2 b5 51. Qd2 Qg5 52. Qc3+ f6 53. Qd2 Qg3+ 54. Kg1 Kg6 55. Qe2 Qg5 56. Qf2 Qe5 57. Kh2 Kg5 58. Qd2 Kg6 59. b4 Qg5 60. Qe2 Kf7 61. Qa2+ Kg7 62. Qd2 Kh6 63. Kg1 Kg7 64. Qd7+ Kf8 65. Qc8+ Ke7 66. Qb7+ Kd8 67. Qb6+ Kd7 68. Qd4+ Ke8 69. Qd6 Kf7 70. Qd5+ Qxd5 71. exd5 Ke7 72. Kf2 Kd6 73. Ke2 Kxd5 74. Kd3 Ke5 75. Kc3 Kd5 76. Kd3 f5 77. Kc3 Ke5 78. Kd3 Kd5 79. Kc3 Ke5 80. Kd3 Kd5 1/2-1/2


[Site "https://www.chess.com"]

[Event "Titled Tuesday Blitz June 6 Late 2023"]
[White "Elsa167"]
[Black "Sarana, Alexey"]
[BlackFideId "24133795"]
[WhiteElo "2889"]
[BlackElo "2714"]
[Result "0-1"]
[Round "4"]
[TimeControl "180+2"]
[Date "2023.06.07"]
[WhiteClock "0:00:41"]
[BlackClock "0:02:29"]
[Board "4"]

1. d4 Nf6 2. Nc3 e6 3. e4 d5 4. e5 Nfd7 5. f4 c5 6. Nf3 Nc6 7. Be3 Qb6 8. Na4 Qa5+ 9. c3 cxd4 10. b4 Nxb4 11. cxb4 Bxb4+ 12. Bd2 Bxd2+ 13. Nxd2 b5 14. Nb2 O-O 15. Nd3 Ba6 16. a3 Rfc8 17. Be2 Rc3 18. O-O Rac8 19. f5 Qb6 20. fxe6 fxe6 21. Qe1 b4 22. Qf2 Rf8 23. Qg3 bxa3 24. Ne1 0-1


[Site "https://www.chess.com"]

[Event "Titled Tuesday Blitz June 6 Late 2023"]
[White "Paravyan, David"]
[Black "Svane, Frederik"]
[WhiteFideId "4194985"]
[BlackFideId "12923044"]
[WhiteElo "2563"]
[BlackElo "2502"]
[Result "1-0"]
[Round "4"]
[TimeControl "180+2"]
[Date "2023.06.07"]
[WhiteClock "0:00:12"]
[BlackClock "0:00:01"]
[Board "5"]

1. d4 Nf6 2. c4 e6 3. Nc3 Bb4 4. e3 O-O 5. Bd3 d5 6. a3 dxc4 7. Bxc4 Be7 8. Nf3 c5 9. O-O a6 10. dxc5 Bxc5 11. Bd3 b5 12. e4 Bb7 13. e5 Nfd7 14. Bxh7+ Kxh7 15. Ng5+ Kg6 16. Qd3+ f5 17. Qg3 Qe7 18. Ne2 f4 19. Qd3+ Kxg5 20. Nxf4 Rxf4 21. h4+ Kh5 22. Qh7+ Kg4 23. Qg6+ Kxh4 24. Bxf4 Nc6 25. Bg3# 1-0


[Site "https://www.chess.com"]

[Event "Titled Tuesday Blitz June 6 Late 2023"]
[White "Keymer, Vincent"]
[Black "Lazavik, Denis"]
[WhiteFideId "12940690"]
[BlackFideId "13515110"]
[WhiteElo "2669"]
[BlackElo "2560"]
[Result "1/2-1/2"]
[Round "4"]
[TimeControl "180+2"]
[Date "2023.06.07"]
[WhiteClock "0:00:05"]
[BlackClock "0:00:06"]
[Board "6"]

1. Nf3 d5 2. e3 Nf6 3. c4 c6 4. Nc3 Bf5 5. cxd5 cxd5 6. Qb3 Bc8 7. Bb5+ Nc6 8. e4 e6 9. d3 Be7 10. e5 Nd7 11. d4 O-O 12. Qd1 f6 13. exf6 Nxf6 14. O-O Bd7 15. Qe2 Bd6 16. Bg5 Qe8 17. Bh4 Nh5 18. Bg3 Rxf3 19. Bxc6 Rxg3 20. Bxd7 Rxg2+ 21. Kxg2 Nf4+ 22. Kh1 Qxd7 23. Qg4 Rf8 24. Rae1 Rf5 25. Re3 Qf7 26. Rg3 h5 27. Qd1 Ng6 28. Rgg1 Nh4 29. f4 Bxf4 30. Qd3 Bd6 31. Rxf5 Nxf5 32. Ne2 Qf6 33. Qf3 Qh4 34. Qg2 Kf7 35. Rf1 Ke7 36. Rxf5 exf5 37. Qxg7+ Ke8 38. Qg8+ Kd7 39. Qg1 Qe4+ 40. Qg2 Ke6 41. h3 f4 42. Ng1 Qxg2+ 43. Kxg2 Kf5 44. Kf3 Kg5 45. Kg2 Bc7 46. Ne2 a6 47. b3 Bd6 48. Ng1 Kf5 49. Kf3 Be7 50. Ne2 Bg5 51. Nc3 Ke6 52. Ne2 Kf5 53. Nc3 Ke6 54. Ne2 Kf5 1/2-1/2


[Site "https://www.chess.com"]

[Event "Titled Tuesday Blitz June 6 Late 2023"]
[White "Baskakov, Egor"]
[Black "Hakobyan, Aram"]
[WhiteFideId "24197866"]
[BlackFideId "13306677"]
[WhiteElo "2225"]
[BlackElo "2584"]
[Result "1-0"]
[Round "4"]
[TimeControl "180+2"]
[Date "2023.06.07"]
[WhiteClock "0:00:10"]
[BlackClock "0:00:05"]
[Board "7"]

1. e4 g6 2. g3 Bg7 3. Bg2 c5 4. Ne2 Nc6 5. O-O d6 6. h3 Nf6 7. d4 cxd4 8. Nxd4 O-O 9. Ne2 Be6 10. Nbc3 Qc8 11. Kh2 Rd8 12. Nd5 Bxd5 13. exd5 Ne5 14. a4 Qc7 15. Ra2 Rac8 16. b3 a6 17. a5 Re8 18. c4 Ned7 19. Be3 Nc5 20. Nd4 h5 21. Kh1 Qd8 22. Re1 h4 23. g4 Nfe4 24. Qc2 Nf6 25. Qd1 Ncd7 26. f4 Nc5 27. Bg1 Rc7 28. Rae2 Qc8 29. Bf3 Nh7 30. Re3 Bh6 31. Bh2 Bg7 32. Bg2 Qd8 33. g5 Rc8 34. b4 Na4 35. f5 Nb2 36. Qg4 Nxc4 37. fxg6 fxg6 38. Qe6+ Kh8 39. Qxg6 Nxe3 40. Be4 Nf8 41. Qh5+ Kg8 42. Ne6 Qd7 43. Rxe3 Rc1+ 44. Kg2 Qb5 45. Qf3 Rc2+ 46. Bxc2 Nxe6 47. dxe6 Rc8 48. Bd3 Qxb4 49. Qf7+ Kh8 50. Qh5+ Kg8 51. Qh7+ Kf8 52. Rf3+ Ke8 53. Qg8+ 1-0


[Site "https://www.chess.com"]

[Event "Titled Tuesday Blitz June 6 Late 2023"]
[White "Kramnik, Vladimir"]
[Black "Kovalev, Vladislav"]
[WhiteFideId "4101588"]
[BlackFideId "13504398"]
[WhiteElo "2703"]
[BlackElo "2555"]
[Result "0-1"]
[Round "4"]
[TimeControl "180+2"]
[Date "2023.06.07"]
[WhiteClock "0:00:01"]
[BlackClock "0:00:09"]
[Board "8"]

1. c4 g6 2. Nc3 Bg7 3. g3 e5 4. Bg2 Ne7 5. e4 O-O 6. Nge2 Nbc6 7. d3 d6 8. O-O f5 9. Nd5 h6 10. Be3 Nd4 11. Nxe7+ Qxe7 12. Bxd4 exd4 13. Nf4 Kh7 14. Re1 Be5 15. exf5 Bxf5 16. Bxb7 Rab8 17. Be4 Rxb2 18. Bxf5 Rxf5 19. Re2 Rxe2 20. Qxe2 Qf7 21. Ng2 Bg7 22. Rb1 Re5 23. Qd1 d5 24. cxd5 Qxd5 25. Qc2 g5 26. Re1 c5 27. Rxe5 Qxe5 28. Kf1 Qe6 29. Qe2 Qd5 30. f3 a5 31. Ne1 a4 32. h3 Be5 33. Kg2 Kg7 34. Qe4 Qxa2+ 35. Kf1 Bf6 36. Qb7+ Qf7 37. Qa6 Qb3 38. Qa7+ Kg6 39. f4 gxf4 40. gxf4 a3 41. f5+ Kxf5 42. Qxc5+ Kg6 43. Ke2 a2 44. Nc2 Qb2 45. Kf3 Qxc2 0-1


[Site "https://www.chess.com"]

[Event "Titled Tuesday Blitz June 6 Late 2023"]
[White "Bryakin, Mikhail"]
[Black "Deac, Bogdan-Daniel"]
[WhiteFideId "4165314"]
[BlackFideId "1226380"]
[WhiteElo "2464"]
[BlackElo "2644"]
[Result "0-1"]
[Round "4"]
[TimeControl "180+2"]
[Date "2023.06.07"]
[WhiteClock "0:00:07"]
[BlackClock "0:00:05"]
[Board "9"]

1. c4 e6 2. Nc3 c5 3. Nf3 Nc6 4. d4 cxd4 5. Nxd4 Nf6 6. e4 Bc5 7. Nb3 Bb4 8. Bd3 Bxc3+ 9. bxc3 d6 10. O-O O-O 11. Be3 b6 12. f4 Nd7 13. Rf3 f5 14. exf5 exf5 15. Nd4 Nxd4 16. cxd4 d5 17. c5 Nf6 18. Rc1 Be6 19. Rf2 Ng4 20. Re2 Rc8 21. h3 Nf6 22. Rec2 Ne4 23. c6 Rc7 24. a4 Qd6 25. Ba6 Bf7 26. Qd3 Be8 27. Bb7 Rf6 28. Qa6 Qa3 29. Bf2 Nxf2 30. Kxf2 Qb4 31. Qxa7 Qxd4+ 32. Kf1 Qxf4+ 33. Kg1 Bxc6 34. Qb8+ Rf8 35. Qxc7 Qxc7 36. Bxc6 Qe5 37. Rd1 Qe3+ 38. Kh1 d4 39. Bd5+ Kh8 40. Rcd2 f4 41. Rxd4 h6 42. Bf3 Qe5 43. Re4 Qf6 44. Rde1 Rf7 45. Re6 Qd4 46. Re8+ Kh7 47. Be4+ g6 48. Bf3 Rg7 49. R8e4 Qd2 50. R1e2 Qc1+ 51. Re1 Qd2 52. R1e2 Qc3 53. Kh2 h5 54. h4 Qc7 55. Re5 Qd8 56. Rxh5+ gxh5 0-1


[Site "https://www.chess.com"]

[Event "Titled Tuesday Blitz June 6 Late 2023"]
[White "Bortnyk, Mykola"]
[Black "Beerdsen, Thomas"]
[WhiteFideId "14120836"]
[BlackFideId "1030108"]
[WhiteElo "2592"]
[BlackElo "2553"]
[Result "1-0"]
[Round "4"]
[TimeControl "180+2"]
[Date "2023.06.07"]
[WhiteClock "0:00:59"]
[BlackClock "0:01:01"]
[Board "10"]

1. e4 c5 2. c3 g6 3. d4 cxd4 4. cxd4 d5 5. e5 Nc6 6. Nf3 Bg4 7. Bb5 Nh6 8. Bxc6+ bxc6 9. Qa4 Qb6 10. Nbd2 Nf5 11. h3 Bxf3 12. Nxf3 e6 13. O-O Qb5 14. Qc2 c5 15. Bg5 c4 16. b3 Rc8 17. bxc4 Qxc4 18. Qd2 Bb4 19. Qf4 O-O 20. Bf6 Qd3 21. Rab1 Rc4 22. g4 Qe4 23. Qxe4 dxe4 24. gxf5 exf3 25. fxe6 fxe6 26. Rfd1 Rfc8 27. Kh2 Bc3 28. Kg3 Bxd4 29. Rb7 R8c5 30. Rg7+ Kf8 31. Rxh7 Rd5 32. Rb1 Bb6 33. Rb3 Rc7 34. Rh8+ Kf7 35. Rxb6 Rxe5 36. Bxe5 1-0


[Site "https://www.chess.com"]

[Event "Titled Tuesday Blitz June 6 Late 2023"]
[White "Perez Ponsa, Federico"]
[Black "Narayanan.S.L"]
[WhiteFideId "117927"]
[BlackFideId "5058422"]
[WhiteElo "2590"]
[BlackElo "2563"]
[Result "0-1"]
[Round "4"]
[TimeControl "180+2"]
[Date "2023.06.07"]
[WhiteClock "0:00:09"]
[BlackClock "0:01:59"]
[Board "11"]

1. Nf3 d6 2. e3 g6 3. d4 Bg7 4. Be2 Nf6 5. O-O O-O 6. c4 Nc6 7. Nc3 e5 8. b3 Bg4 9. Bb2 Nd7 10. dxe5 dxe5 11. h3 Be6 12. Qc2 Nb4 13. Qc1 Nc5 14. Rd1 Qc8 15. Ba3 a5 16. Nd5 Bxd5 17. cxd5 Ne4 18. Bb2 Re8 19. a3 Na6 20. Bb5 Re7 21. Qc2 Nd6 22. Bf1 Qd7 23. Rac1 b6 24. Nd2 Nc5 25. b4 axb4 26. axb4 Na4 27. Ba1 h5 28. Ne4 Qd8 29. Nxd6 cxd6 30. Qc6 e4 31. Bxg7 Kxg7 32. Bb5 Rea7 33. Ra1 Rc8 34. Bxa4 Rxc6 35. Bxc6 Rxa1 36. Rxa1 Qf6 37. Rd1 Qb2 38. Rd4 Qb1+ 39. Kh2 Qc2 40. Kg1 h4 41. b5 f5 42. Kh2 Qxf2 43. Ra4 Qg3+ 44. Kh1 Qxe3 45. Ra7+ Kh6 46. Rd7 Qc1+ 47. Kh2 Qf4+ 48. Kg1 e3 49. Re7 Qf2+ 0-1


[Site "https://www.chess.com"]

[Event "Titled Tuesday Blitz June 6 Late 2023"]
[White "Tejedor Fuente, Enrique"]
[Black "Makarian, Rudik"]
[WhiteFideId "2299100"]
[BlackFideId "44105681"]
[WhiteElo "2496"]
[BlackElo "2451"]
[Result "0-1"]
[Round "4"]
[TimeControl "180+2"]
[Date "2023.06.07"]
[WhiteClock "0:00:01"]
[BlackClock "0:00:05"]
[Board "13"]

1. d4 Nf6 2. Nf3 c5 3. e3 d5 4. b3 Nc6 5. Bb2 cxd4 6. exd4 g6 7. Bd3 Bg7 8. h3 O-O 9. O-O Nb4 10. Be2 Bf5 11. Na3 Rc8 12. c3 Nc6 13. Nc2 h5 14. Ne3 e6 15. a3 Re8 16. Rc1 Bh6 17. Nxf5 exf5 18. Rc2 Ne4 19. c4 Bg7 20. c5 g5 21. b4 g4 22. hxg4 hxg4 23. Ne5 Qh4 24. Bb5 Re6 25. Bc1 Nxe5 26. dxe5 Bxe5 27. g3 Qh3 28. Bd7 Rd8 29. Bxe6 fxe6 30. f4 Bf6 31. Rh2 Qxg3+ 32. Rg2 Qc3 33. Rf3 Qc4 34. Rh3 Rd7 35. Kh2 Rg7 36. Rh5 g3+ 37. Rxg3 Nxg3 38. Rh3 Nf1+ 39. Kh1 Qe4+ 40. Qf3 Ng3+ 41. Kg2 Qc2+ 42. Kg1 Qxc1+ 43. Kf2 Qd2+ 44. Kg1 Bd4+ 0-1


[Site "https://www.chess.com"]

[Event "Titled Tuesday Blitz June 6 Late 2023"]
[White "Zhurbinsky, David"]
[Black "Sjugirov, Sanan"]
[WhiteFideId "2072904"]
[BlackFideId "4189302"]
[WhiteElo "2671"]
[BlackElo "2569"]
[Result "0-1"]
[Round "4"]
[TimeControl "180+2"]
[Date "2023.06.07"]
[WhiteClock "0:00:09"]
[BlackClock "0:00:10"]
[Board "14"]

1. e4 c5 2. Nf3 d6 3. c3 Nf6 4. Be2 Bd7 5. d3 g6 6. O-O Bg7 7. h3 O-O 8. Re1 Nc6 9. Bg5 b5 10. Nbd2 b4 11. Rc1 bxc3 12. bxc3 h6 13. Be3 Rb8 14. Qc2 Qa5 15. Nc4 Qc7 16. Rb1 Be6 17. Nfd2 Nd7 18. a3 Nb6 19. Nxb6 axb6 20. d4 Bd7 21. d5 Na5 22. c4 e6 23. Bd3 Rfe8 24. Bf4 Ra8 25. Bg3 Nb7 26. Qb3 Ra6 27. f4 Rea8 28. e5 Rxa3 29. Qxb6 Qxb6 30. Rxb6 Rxd3 31. Rxb7 Bc8 32. Re7 Kf8 33. exd6 Rxd2 34. dxe6 Bxe6 35. Bh4 Rxd6 36. Rb7 Kg8 37. Kh2 Rd4 38. Rc7 Rxf4 39. Bg3 Rxc4 40. Rb1 Rc3 41. Rbb7 Rxg3 42. Kxg3 Be5+ 43. Kf3 Bxc7 44. Rxc7 c4 45. Ke4 Kg7 46. Ke5 Ra5+ 47. Ke4 Rg5 48. Rc5 Rxc5 0-1


[Site "https://www.chess.com"]

[Event "Titled Tuesday Blitz June 6 Late 2023"]
[White "Annaberdiyev, Meylis"]
[Black "Rasulov, Vugar"]
[WhiteFideId "14000563"]
[BlackFideId "13402390"]
[WhiteElo "2416"]
[BlackElo "2509"]
[Result "0-1"]
[Round "4"]
[TimeControl "180+2"]
[Date "2023.06.07"]
[WhiteClock "0:00:06"]
[BlackClock "0:00:12"]
[Board "15"]

1. d4 Nf6 2. Bg5 e6 3. e4 d5 4. Nd2 Be7 5. Bxf6 Bxf6 6. Ngf3 O-O 7. Bd3 c5 8. e5 Be7 9. dxc5 Nd7 10. Nb3 a5 11. a4 Qc7 12. Qe2 Nxc5 13. Nxc5 Bxc5 14. O-O Bd7 15. c3 Be7 16. Nd4 Bc5 17. Nf3 Rae8 18. Rfe1 f5 19. Bb5 f4 20. Rad1 Bxb5 21. Qxb5 Qb6 22. Qxb6 Bxb6 23. Rd3 Rc8 24. Nd4 Kf7 25. Nb5 Ke7 26. Kf1 Rc4 27. b3 Rc6 28. Rf3 h6 29. g3 fxg3 30. Rxf8 gxh2 31. Kg2 Kxf8 32. Rh1 Bd8 33. Rxh2 Bg5 34. Rh3 Bf4 35. Rh5 g6 36. Rh4 Bxe5 37. Rxh6 Kg7 38. Rh3 g5 39. Re3 Kf6 40. Kf3 Bf4 41. Rd3 Rc8 42. Ke2 Rh8 43. c4 dxc4 44. bxc4 Rh1 45. Rd7 Ra1 46. Nc3 Ra3 47. Ne4+ Kf5 48. f3 Ra2+ 49. Kd3 Ra3+ 50. Kd4 Be5+ 51. Kc5 Rxf3 52. Nd2 Ra3 53. Rxb7 Rxa4 54. Rf7+ Kg6 55. Re7 Kf6 56. Re8 g4 57. Rg8 Ra2 58. Ne4+ Kf5 59. Nd6+ Bxd6+ 60. Kxd6 Rd2+ 61. Ke7 a4 62. c5 a3 63. c6 Rc2 64. Kd7 a2 65. Ra8 g3 66. c7 g2 67. Rxa2 Rxc7+ 68. Kd6 g1=Q 0-1


[Site "https://www.chess.com"]

[Event "Titled Tuesday Blitz June 6 Late 2023"]
[White "Di Benedetto, Edoardo"]
[Black "Caruana, Fabiano"]
[WhiteFideId "875740"]
[BlackFideId "2020009"]
[WhiteElo "2296"]
[BlackElo "2832"]
[Result "0-1"]
[Round "4"]
[TimeControl "180+2"]
[Date "2023.06.07"]
[WhiteClock "0:00:14"]
[BlackClock "0:00:55"]
[Board "16"]

1. d4 f5 2. Nc3 Nf6 3. Bg5 d5 4. e3 Be6 5. Nf3 Nbd7 6. Be2 g6 7. O-O Bg7 8. h3 O-O 9. Bf4 Kh8 10. Ne5 c6 11. Rc1 a5 12. Nb1 Ne4 13. Nxd7 Qxd7 14. Nd2 g5 15. Nxe4 fxe4 16. Bxg5 Rg8 17. Bg4 Raf8 18. Bf4 Bxg4 19. Qxg4 Qxg4 20. hxg4 Bxd4 21. Bh6 Bg7 22. Bxg7+ Rxg7 23. f3 exf3 24. gxf3 h5 25. Kf2 Rxg4 26. Rh1 Rg5 27. Rh4 Kg7 28. f4 e5 29. Rch1 Kg6 30. Ke2 Rgf5 31. Rg1+ Kh6 32. Kf3 d4 33. Rd1 dxe3 34. Rd6+ R8f6 35. Rxf6+ Rxf6 36. Kxe3 Rxf4 37. Rh2 h4 38. Rd2 h3 39. Rd6+ Kg5 40. Rd8 h2 41. Rg8+ Kh4 42. Rh8+ Kg3 43. Rg8+ Rg4 0-1


[Site "https://www.chess.com"]

[Event "Titled Tuesday Blitz June 6 Late 2023"]
[White "Nepomniachtchi, Ian"]
[Black "Arnaudov, G. Petar"]
[WhiteFideId "4168119"]
[BlackFideId "2907127"]
[WhiteElo "2781"]
[BlackElo "2430"]
[Result "1-0"]
[Round "4"]
[TimeControl "180+2"]
[Date "2023.06.07"]
[WhiteClock "0:00:20"]
[BlackClock "0:00:01"]
[Board "17"]

1. e4 e5 2. f4 exf4 3. Nf3 Ne7 4. d4 d5 5. Bd3 Nbc6 6. Bxf4 dxe4 7. Bxe4 Nd5 8. Bxd5 Qxd5 9. O-O Bg4 10. Nc3 Qc4 11. Bxc7 Be7 12. d5 Nd8 13. d6 Bf6 14. Nd5 Bxb2 15. Rb1 Ba3 16. Re1+ Be6 17. d7+ Kf8 18. Ne5 Qc5+ 19. Kh1 Nc6 20. Nxc6 Qxc6 21. Qf3 Bxd5 22. Qxa3+ Kg8 23. d8=Q+ Rxd8 24. Bxd8 Bxg2+ 25. Kg1 h5 26. Rb3 1-0


[Site "https://www.chess.com"]

[Event "Titled Tuesday Blitz June 6 Late 2023"]
[White "Alex_Sahakyan2006"]
[Black "Duda, Jan-Krzysztof"]
[BlackFideId "1170546"]
[WhiteElo "2699"]
[BlackElo "2783"]
[Result "0-1"]
[Round "4"]
[TimeControl "180+2"]
[Date "2023.06.07"]
[WhiteClock "0:00:01"]
[BlackClock "0:00:17"]
[Board "18"]

1. e4 e5 2. Nf3 Nc6 3. d4 exd4 4. Nxd4 Nf6 5. Nc3 Bb4 6. Nxc6 bxc6 7. Bd3 O-O 8. O-O Re8 9. Bd2 Bxc3 10. Bxc3 Nxe4 11. Qh5 g6 12. Qf3 Nxc3 13. bxc3 d5 14. Rae1 Rxe1 15. Rxe1 Be6 16. g3 c5 17. c4 dxc4 18. Be4 Rb8 19. h4 Qd4 20. h5 Kg7 21. Qf4 Rd8 22. h6+ Kf8 23. Qxc7 Rd7 24. Qb8+ Ke7 25. Bc6 Rd6 26. Qe8+ Kf6 27. Re4 Qd1+ 28. Kg2 Rxc6 29. Rf4+ Kg5 30. Qe7+ Kxh6 31. Qf8+ Kh5 32. Rh4+ Kg5 33. Qe7+ f6 34. f4+ Kf5 35. g4+ Ke4 36. f5 Qf3+ 37. Kh2 Qf2+ 38. Kh3 Kf3 0-1


[Site "https://www.chess.com"]

[Event "Titled Tuesday Blitz June 6 Late 2023"]
[White "Nazari, Arad"]
[Black "Bluebaum, Matthias"]
[WhiteFideId "12577324"]
[BlackFideId "24651516"]
[WhiteElo "2175"]
[BlackElo "2639"]
[Result "0-1"]
[Round "4"]
[TimeControl "180+2"]
[Date "2023.06.07"]
[WhiteClock "0:00:06"]
[BlackClock "0:01:17"]
[Board "19"]

1. e4 e6 2. d4 d5 3. e5 c5 4. c3 Nc6 5. Nf3 Nge7 6. Na3 Bd7 7. Nc2 Qa5 8. h4 Nxd4 9. Ncxd4 cxd4 10. Nxd4 Nc6 11. Nxc6 Bxc6 12. Rh3 O-O-O 13. Be3 d4 14. Bxd4 Bc5 15. Qd2 Bxd4 16. cxd4 Qxd2+ 17. Kxd2 Rxd4+ 18. Kc3 Re4 19. Rg3 g6 20. Rf3 Rf8 21. g3 Rxe5 22. Rf6 Kd7 23. Bc4 Ke7 24. Rf4 Rc8 25. Kd4 f6 26. Bb3 Rb5 27. Ke3 Re5+ 28. Kd2 Rd8+ 29. Kc3 Re2 30. Rd1 Rxd1 31. Bxd1 Re1 32. Kd2 Re5 33. Bb3 Rc5 34. Rd4 e5 35. Rb4 a5 36. Rg4 b5 37. Bg8 Bf3 38. b4 Rc8 0-1


[Site "https://www.chess.com"]

[Event "Titled Tuesday Blitz June 6 Late 2023"]
[White "laziestwin"]
[Black "Matlakov, Maxim"]
[BlackFideId "4168003"]
[WhiteElo "2675"]
[BlackElo "2666"]
[Result "0-1"]
[Round "4"]
[TimeControl "180+2"]
[Date "2023.06.07"]
[WhiteClock "0:00:01"]
[BlackClock "0:00:53"]
[Board "20"]

1. d4 d5 2. c4 e6 3. Nc3 Bb4 4. cxd5 exd5 5. Bf4 c6 6. e3 Bf5 7. Qb3 Qb6 8. a3 Be7 9. Qxb6 axb6 10. h3 Nd7 11. g4 Bg6 12. Nf3 b5 13. Rc1 Nb6 14. Ne5 Nf6 15. h4 h6 16. Nxg6 fxg6 17. Bd3 Kf7 18. h5 g5 19. Bc7 Nc4 20. Bxc4 bxc4 21. f3 b5 22. e4 dxe4 23. Nxe4 Nd5 24. Be5 Rhd8 25. Kf2 Nf4 26. Bxf4 gxf4 27. Rhd1 Rd7 28. Rc2 Rad8 29. Rcd2 Bf6 30. Nxf6 Kxf6 31. Ke2 Rd5 32. Ke1 Kg5 33. Ke2 Kh4 34. Kf2 c5 35. Re2 Rxd4 0-1


[Site "https://www.chess.com"]

[Event "Titled Tuesday Blitz June 6 Late 2023"]
[White "Martins, Bruno Andre Leite"]
[Black "Svane, Rasmus"]
[WhiteFideId "1942255"]
[BlackFideId "4657101"]
[WhiteElo "2241"]
[BlackElo "2601"]
[Result "0-1"]
[Round "4"]
[TimeControl "180+2"]
[Date "2023.06.07"]
[WhiteClock "0:00:35"]
[BlackClock "0:01:20"]
[Board "21"]

1. e4 c6 2. Nf3 d5 3. d3 Bg4 4. h3 Bh5 5. Nc3 e6 6. Ne2 Bxf3 7. gxf3 Nd7 8. f4 g6 9. Bg2 Bg7 10. Ng3 f5 11. h4 h5 12. Qe2 Kf7 13. c3 Ngf6 14. Be3 Ng4 15. O-O-O Nxe3 16. fxe3 Bf6 17. exd5 cxd5 18. e4 Nb6 19. Bf3 Rc8 20. Nxh5 gxh5 21. Bxh5+ Kf8 22. exf5 exf5 23. Kb1 Na4 24. Qe6 Rxh5 25. Rhg1 Rh8 26. Rg6 Rc6 27. Qxf5 Qb6 28. Rxf6+ Rxf6 29. Qc8+ Ke7 30. Re1+ Kd6 0-1


[Site "https://www.chess.com"]

[Event "Titled Tuesday Blitz June 6 Late 2023"]
[White "Hansen, Eric"]
[Black "Hollan, Martin"]
[WhiteFideId "2606771"]
[BlackFideId "360937"]
[WhiteElo "2561"]
[BlackElo "2370"]
[Result "1-0"]
[Round "4"]
[TimeControl "180+2"]
[Date "2023.06.07"]
[WhiteClock "0:01:52"]
[BlackClock "0:00:22"]
[Board "22"]

1. b3 d5 2. Bb2 Bg4 3. h3 Bh5 4. g4 Bg6 5. d3 Nf6 6. Nf3 e6 7. Ne5 Nbd7 8. Nxg6 hxg6 9. Bg2 Bd6 10. e3 Qe7 11. a3 Be5 12. d4 Bd6 13. Nd2 e5 14. g5 Nh5 15. Bxd5 c6 16. Bf3 exd4 17. Ne4 O-O-O 18. Nxd6+ Qxd6 19. Qxd4 Qe7 20. O-O-O Nb6 21. Bg4+ Kb8 22. Qe5+ Qxe5 23. Bxe5+ Ka8 24. Bxh5 gxh5 25. Bxg7 Rhe8 26. Rxd8+ Rxd8 27. e4 Re8 28. Rd1 Kb8 29. f3 Kc8 30. h4 Nd7 31. Rd6 Rg8 32. Bd4 Rg6 33. Rxg6 fxg6 34. f4 c5 35. Bc3 Kd8 36. f5 Ke8 37. Kd2 Kf7 38. Ke3 b6 39. Kf4 Ke7 40. fxg6 Ke6 41. g7 Kf7 42. Kf5 1-0


[Site "https://www.chess.com"]

[Event "Titled Tuesday Blitz June 6 Late 2023"]
[White "Martinez Ramirez, Lennis"]
[Black "Li, Ruifeng"]
[WhiteFideId "3509079"]
[BlackFideId "2061074"]
[WhiteElo "2410"]
[BlackElo "2441"]
[Result "0-1"]
[Round "4"]
[TimeControl "180+2"]
[Date "2023.06.07"]
[WhiteClock "0:00:07"]
[BlackClock "0:00:29"]
[Board "23"]

1. Nf3 d6 2. c4 e5 3. g3 Nc6 4. Nc3 g6 5. d4 Bg7 6. dxe5 Nxe5 7. Nxe5 Bxe5 8. Qd2 Bg7 9. Bg2 Nf6 10. b3 O-O 11. Bb2 Rb8 12. Rd1 Bd7 13. O-O Re8 14. e4 Bc6 15. Rfe1 a6 16. h3 b5 17. e5 Bxg2 18. exf6 b4 19. Na4 Bf3 20. Rxe8+ Qxe8 21. Re1 Qd7 22. Kh2 Bf8 23. Nc5 Qc6 24. Nd3 a5 25. Nf4 Re8 26. Rxe8 Qxe8 27. Nd5 Qe4 28. Ne7+ Kh8 29. Qd4 Qb1 30. g4 Qh1+ 31. Kg3 g5 0-1


[Site "https://www.chess.com"]